 Dungeon Crawl Stone Soup version 0.31-a0-217-g58bb5d79cf (webtiles) character file.

Game seed: 15424004054337959599

316 holysushi the Poker (level 6, -1/43 (47) HPs)
             Began as a Formicid Fighter on July 2, 2023.
             Slain by a lemure (6 damage)
             ... led by Pikel
             ... on level 3 of the Dungeon.
             The game lasted 00:02:13 (2804 turns).

holysushi the Poker (Formicid Fighter)              Turns: 2804, Time: 00:02:14

HP:   -1/43 (47)    AC:  9    Str: 20    XL:     6   Next: 73%
MP:   6/6           EV:  9    Int:  8    God:
Gold: 237           SH:  5    Dex: 15    Spells: 5/5 levels left

rFire   . . .        a - +0 trident
rCold   . . .        c - +0 buckler
rNeg    . . .        b - +0 scale mail
rPois   .            (helmet unavailable)
rElec   .            (no cloak)
rCorr   .            m - +0 pair of gloves
SInv    +            j - +0 pair of boots
Will    .....        (no amulet) Stlth
                     (no ring)
HPRegen 0.27/turn    (no ring)
MPRegen 0.10/turn

%: no passive effects
@: drained
A: permanent stasis, dig shafts and tunnels, antennae 3, four strong arms
a: Dig, Shaft Self


You were on level 3 of the Dungeon.
You visited 1 branch of the dungeon, and saw 4 of its levels.

You collected 237 gold pieces.

Inventory:

Hand Weapons
 a - a +0 trident (weapon)
Armour
 b - a +0 scale mail (worn)
 c - a +0 buckler (worn)
 j - a +0 pair of boots (worn)
 m - a +0 pair of gloves (worn)
Jewellery
 h - a ring of resist corrosion
Scrolls
 e - 2 scrolls of teleportation {unknown}
 f - a scroll of poison {unknown}
 i - 2 scrolls of vulnerability {unknown}
 k - 3 scrolls of revelation {unknown}
 l - 2 scrolls of noise {unknown}
Potions
 d - a potion of might
 g - a potion of brilliance {unknown}


   Skills:
 - Level 3.2 Fighting
 + Level 6.6 Polearms
 - Level 3.2 Armour
 - Level 4.0 Shields


You had 5 spell levels left.
You didn't know any spells.
Your spell library contained the following spells:

 Spells                   Type           Power      Damage    Failure   Level
 Apportation              Tloc           0%         N/A       83%         1
 Necrotise                Necr           0%         1d4       83%         1
 Summon Small Mammal      Summ           0%         N/A       83%         1


Dungeon Overview and Level Annotations

Branches:
Dungeon (4/15) Zot: 21164
 Temple: D:4-7

Altars:
Uskayaw

Annotations:
D:3 3 runed translucent doors, Leavold's ghost, weakling TeAE
D:4 Pikel


Innate Abilities, Weirdness & Mutations

You cannot be hasted, slowed, berserked, paralysed or teleported.
You can dig through walls and to a lower floor.
You have a pair of large antennae on your head. (SInv)
Your four strong arms can wield two-handed weapons with a shield.


Message History

The lemure attacks as you move away! The lemure hits you!
You barely miss the lemure. You block the lemure's attack.
You barely miss the lemure. The lemure hits you but does no damage.
You hit the lemure.
The lemure is lightly wounded.
The lemure hits you!
You closely miss the lemure.
The lemure is lightly wounded.
You block the lemure's attack.
You hit the lemure.
The lemure is moderately wounded.
The lemure closely misses you.
You puncture the lemure!
The lemure is heavily wounded.
You block the lemure's attack.
You hit the lemure but do no damage.
The lemure is heavily wounded.
The lemure hits you.
You closely miss the lemure.
The lemure is heavily wounded.
The lemure hits you but does no damage.
You hit the lemure but do no damage.
The lemure is heavily wounded.
The lemure hits you.
* * * LOW HITPOINT WARNING * * *
You hit the lemure.
The lemure is heavily wounded.
The lemure hits you but does no damage.
You hit the lemure but do no damage.
The lemure is heavily wounded.
The lemure hits you!
* * * LOW HITPOINT WARNING * * *
You puncture the lemure!
The lemure is almost dead.
The lemure hits you but does no damage.
You puncture the lemure!
You kill the lemure!
That felt strangely unrewarding.
You barely miss the lemure. The lemure hits you.
You die...

#.##### #.###........#.#
......# ##.##.........#.#
#.###.#######...#..######.#.#
......................# #.#.#
................#..##.###.#.#
..###+++###..#.##..##.......#
..#.......#....##..######.###
..#.......#..#.##.........#
..#.##.##.#..#.#@.#######.#
..#.##.##.#..#)5#.........#
..#.##.##.#..#>############
..#..$W.{{#..#.#####
..#...rb{{#......).#
..#########..#.###.#
.............#.# #.#
.............#.###.#
#.#.###............# #####


You could see a lemure.

Vanquished Creatures
  A phantom (D:3)
  2 lemures (D:3)
  A jelly (D:4)
  An orc priest (D:2)
  An orc wizard (D:2)
  3 gnolls (D:2)
  4 adders
  3 worms
  4 dart slugs
  6 orcs
  4 ball pythons
  3 bats
  4 endoplasms
  5 giant cockroaches
  5 goblins
  5 hobgoblins
  6 jackals
  A quokka (D:3)
  6 frilled lizards
  4 kobolds
  3 rats
72 creatures vanquished.

Notes
Turn   | Place    | Note
-------+----------+-------------------------------------------
     0 | D:1      | holysushi the Formicid Fighter began the quest for the Orb.
     0 | D:1      | Reached XP level 1. HP: 18/18 MP: 1/1
   226 | D:1      | Reached XP level 2. HP: 24/24 MP: 2/2
   306 | D:1      | Reached skill level 3 in Polearms
   551 | D:1      | Reached XP level 3. HP: 29/29 MP: 3/3
   794 | D:2      | Reached skill level 4 in Polearms
   794 | D:2      | Reached XP level 4. HP: 27/35 MP: 4/4
  1206 | D:2      | Reached skill level 5 in Polearms
  1206 | D:2      | Reached XP level 5. HP: 12/41 MP: 5/5
  1875 | D:3      | Found a hide-covered altar of Uskayaw.
  2086 | D:3      | Reached XP level 6. HP: 47/47 MP: 6/6
  2148 | D:3      | Found a runed translucent gate.
  2152 | D:3      | Found a runed translucent gate.
  2152 | D:3      | Found a runed translucent gate.
  2318 | D:3      | Noticed Leavold's ghost (weakling TeAE)
  2573 | D:4      | Reached skill level 6 in Polearms
  2630 | D:4      | Noticed Pikel
  2804 | D:3      | Slain by a lemure

Illustrated notes

Levels and vault maps discovered:
D:1:      psy_arrival_conway, layout_loops_cross, bh_walls_and_bars
D:2:      layout_loops_cross, chequers_serial_rivers_micro_e, corexii_shack
D:3:      layout_loops_corners, nicolae_uskayaw_dance_hall,
          gammafunk_ghost_split
D:4:      layout_cave_pods, cheibrodos_ashenzari_chains,
          gammafunk_ghost_mausoleum, uniq_pikel

Skill      XL: |  1  2  3  4  5  6 |
---------------+-------------------+-----
Polearms       | 3 4 5 6 |  6.6
Fighting       | |  3.2
Armour         | |  3.2
Shields        | |  4.0

Action                     |  1- 3 |  4- 6 || total
---------------------------+-------+-------++-------
  Melee: Trident           |    77 |   174 ||   251
Ability: Dig               |       |     1 ||     1
    Use: Potion            |       |     1 ||     1
 Armour: Scale mail        |    23 |    54 ||    77
  Dodge: Dodged            |    34 |    51 ||    85
  Block: Buckler           |    15 |    31 ||    46

Table legend: (Time is in decaauts)
 A = Elapsed time spent in this place.
 B = Non-inter-level travel time spent in this place.
 C = Inter-level travel time spent in this place.
 D = Time resting spent in this place.
 E = Time spent auto-exploring this place.
 F = Levels seen in this place.
 G = Mean time per level.
                   A        B        C        D        E       F      G
               +--------+--------+--------+--------+--------+-----+--------+
         Total |   2835 |   2651 |    184 |    158 |   1876 |   4 |  708.8 |
       Dungeon |   2835 |   2651 |    184 |    158 |   1876 |   4 |  708.8 |
               +--------+--------+--------+--------+--------+-----+--------+

Top non-repeatable levels by time:
     D:2: 1047 daAuts
     D:3: 1037 daAuts
     D:1: 645 daAuts
     D:4: 104 daAuts
